 Dungeon Crawl Stone Soup version 0.26.0-15-gc6cd9f7 (webtiles) character file.

Game seed: 5422080938180784663

16782 enarc13 the Fighter (level 12, -6/81 HPs)
             Began as a Gargoyle Fire Elementalist on Jan 21, 2021.
             Was a High Priest of Vehumet.
             Mangled by a boulder beetle (13 damage)
             ... on level 12 of the Dungeon.
             The game lasted 00:25:02 (14823 turns).

enarc13 the Fighter (Gargoyle Fire Elementalist)   Turns: 14823, Time: 00:25:02

Health: -6/81      AC: 21    Str: 12    XL:     12   Next: 41%
Magic:  11/21      EV: 11    Int: 21    God:    Vehumet [*****.]
Gold:   754        SH: 16    Dex: 10    Spells: 2/23 levels left

rFire    . . .     SeeInvis +   I - +6 trident of Saltpetre {vorpal, +Inv SInv}
rCold    . . .     Faith    +   x - +2 tower shield
rNeg     + . .     Spirit   .   T - +0 ring mail {Will+}
rPois    ∞         Reflect  .   (no helmet)
rElec    +         Harm     .   n - +0 cloak
rCorr    .         Rampage  .   G - +2 pair of gloves
Will     +....                  y - +1 pair of boots
Stlth    +.........             r - amulet of faith {Faith, !P}
HPRegen  0.23/turn              F - +4 ring of evasion
MPRegen  0.17/turn              o - +4 ring of slaying

@: no status effects
A: negative energy resistance 1, electricity resistance, unbreathing,
petrification resistance, miasma immunity, AC +8
a: Renounce Religion, Evoke Invisibility


You were on level 12 of the Dungeon.
You worshipped Vehumet.
Vehumet was extremely pleased with you.
You visited 1 branch of the dungeon, and saw 12 of its levels.

You collected 754 gold pieces.

Inventory:

Hand Weapons
 a - a +2 dagger of electrocution
   (You took it off an orc on level 3 of the Dungeon)
 H - a +3 morningstar of venom
   (You took it off Maggie on level 8 of the Dungeon)
 I - the +6 trident of Saltpetre (weapon) {vorpal, +Inv SInv}
   (You found it on level 9 of the Dungeon)

   It inflicts extra damage upon your enemies.
   It lets you see invisible.
   It lets you turn invisible.
 U - a +1 scimitar of flaming
   (You took it off an efreet on level 12 of the Dungeon)
Missiles
 b - 375 stones (quivered)
 c - 488 arrows
 h - 69 poisoned darts
 m - 16 boomerangs
 t - 4 silver javelins
 v - 94 bolts
 z - 7 atropa-tipped darts
 Q - 5 silver boomerangs
 S - 29 sling bullets
Armour
 n - a +0 cloak (worn)
   (You found it on level 2 of the Dungeon)
 x - a +2 tower shield (worn)
   (You found it on level 3 of the Dungeon)
 y - a +1 pair of boots (worn)
   (You found it on level 6 of the Dungeon)
 G - a +2 pair of gloves (worn)
   (You found it on level 10 of the Dungeon)
 T - a +0 ring mail of willpower (worn)
   (You found it on level 12 of the Dungeon)
Jewellery
 d - an uncursed ring of ice {rC+, rF-}
   (You found it on level 1 of the Dungeon)
 o - a +4 ring of slaying (right hand)
   (You found it on level 4 of the Dungeon)
 q - an uncursed ring of wizardry {Wiz+, !d}
   (You found it on level 2 of the Dungeon)
 r - an amulet of faith (around neck) {Faith, !P}
   (You found it on level 6 of the Dungeon)
 A - a +4 ring of protection {unknown}
   (You found it on level 11 of the Dungeon)
 B - an uncursed ring of protection from cold {rC+, !d}
   (You found it on level 4 of the Dungeon)
 F - a +4 ring of evasion (left hand)
   (You found it on level 7 of the Dungeon)
Wands
 f - a wand of iceblast (11)
   (You found it on level 6 of the Dungeon)
 C - a wand of paralysis (8)
   (You found it on level 7 of the Dungeon)
Scrolls
 s - 3 scrolls of immolation {!r}
 u - 5 scrolls of teleportation
 w - a scroll of fear
 E - a scroll of magic mapping {!r}
 L - 4 scrolls of amnesia
 M - a scroll of enchant weapon
 O - 2 scrolls of remove curse
 P - a scroll of fog
Potions
 e - 3 potions of lignification {!q}
 g - 4 potions of brilliance
 i - 6 potions of attraction {!q}
 j - 4 potions of curing
 k - 5 potions of heal wounds
 l - 3 potions of might
 p - 2 potions of flight
 D - 2 potions of mutation {!q}
 J - a potion of resistance {unknown}
 N - a potion of berserk rage {unknown}
 R - a potion of haste {unknown}
Miscellaneous
 K - a lightning rod (4/4)
   (You found it on level 10 of the Dungeon)


   Skills:
 - Level 12.0 Fighting
 - Level 6.0 Armour
 - Level 1.5 Dodging
 - Level 2.1 Stealth
 * Level 7.5 Shields
 - Level 6.0 Spellcasting
 - Level 9.0 Conjurations
 - Level 9.0 Fire Magic
 - Level 6.0 Earth Magic


You had 2 spell levels left.
You knew the following spells:

 Your Spells              Type           Power        Failure   Level
a - Foxfire               Conj/Fire      100%         1%          1
b - Stone Arrow           Conj/Erth      74%          7%          3
c - Conjure Flame         Conj/Fire      44%          4%          3
d - Sticky Flame          Conj/Fire      44%          13%         4
e - Iskenderun's Battles  Conj           44%          32%         5
z - Lee's Rapid Deconstr  Erth           15%          71%         5

Your spell library contained the following spells:

 Spells                   Type           Power        Failure   Level
 Sandblast                Erth           62%          4%          1
 Passwall                 Tmut/Erth      15%          63%         2
 Animate Skeleton         Necr           12%          88%         1
 Apportation              Tloc           12%          88%         1
 Beastly Appendage        Tmut           12%          88%         1
 Corona                   Hex            6%           88%         1
 Summon Small Mammal      Summ           24%          88%         1
 Slow                     Hex            6%           96%         2
 Wereblood                Tmut           6%           96%         2
 Inner Flame              Hex/Fire       25%          22%         3
 Fireball                 Conj/Fire      22%          32%         5
 Portal Projectile        Hex/Tloc       12%          99%         3
 Spider Form              Tmut/Pois      3%           99%         3
 Leda's Liquefaction      Hex/Erth       9%           99%         4
 Petrify                  Tmut/Erth      18%          99%         4
 Cause Fear               Hex            3%           100%        4
 Ice Form                 Ice/Tmut       6%           100%        4
 Blade Hands              Tmut           3%           100%        5


Dungeon Overview and Level Annotations

Branches:
Dungeon (12/15)            Temple (0/1) D:6            Lair (0/6) D:9
    Orc (0/2) D:11

Altars:
Cheibriados
Makhleb
Nemelex Xobeh
Qazlal
Ru
Vehumet
Wu Jian
Xom
Yredelemnul

Shops:
D:5 }   D:6 (   D:8 =[

Annotations:
D:4 1 runed translucent door, thesequoiad's ghost, amateur FoWn
D:6 exclusion: oklob plant


Innate Abilities, Weirdness & Mutations

You are resistant to torment.
Your stone body is resilient. (AC +8)
You are immune to poison.
You resist negative energy. (rN+)
You are resistant to electric shocks. (rElec)
You can survive without breathing.
You are immune to petrification.
You are immune to miasma.


Message History

You kill the efreet!
Vehumet accepts your kill.
e - 3 potions of lignification {!q} (gained 1)
You see here a +1 scimitar of flaming.
U - a +1 scimitar of flaming
b - 368 stones (gained 2)
You see here a yak skeleton.
b - 369 stones (gained 1)
b - 370 stones (gained 1)
b - 371 stones (gained 1)
b - 372 stones (gained 1)
b - 373 stones (gained 1)
b - 374 stones (gained 1)
b - 375 stones (gained 1)
S - 29 sling bullets (gained 16)
You now have 754 gold pieces (gained 11).
As you open the door, it creaks loudly!
There is an open door here.
You open the door.
Found a stone staircase leading down.
There is an open door here.
Unknown command.
l - 3 potions of might (gained 1)
A boulder beetle comes into view.
The boulder beetle curls into a ball and begins rolling!
You reach to attack!
You hit the boulder beetle but do no damage.
The boulder beetle closely misses you.
The boulder beetle stops rolling and uncurls.
You hit the boulder beetle but do no damage.
The boulder beetle closely misses you.
You hit the boulder beetle but do no damage.
The boulder beetle bites you. The boulder beetle bites you!!
You hit the boulder beetle but do no damage.
The boulder beetle bites you.
You hit the boulder beetle but do no damage.
You block the boulder beetle's attack. x2
Your shield prevents you from hitting the boulder beetle.
You block the boulder beetle's attack.
You puncture the boulder beetle!
The boulder beetle is lightly wounded.
You block the boulder beetle's attack.
You hit the boulder beetle.
The boulder beetle is lightly wounded.
You block the boulder beetle's attack. The boulder beetle bites you.
You puncture the boulder beetle!
The boulder beetle is moderately wounded.
The boulder beetle bites you!
Casting: Foxfire (safe; 1% risk of failure)
Confirm with . or Enter, or press ? or * to list all spells.
Aiming: Sticky Flame (dangerous; 13% risk of failure)
Press: ? - help, Shift-Dir - straight line, f/p - boulder beetle
Aim: a boulder beetle (moderately wounded, 0% to evade)
The sticky flame hits the boulder beetle but does no damage.
The boulder beetle is moderately wounded.
The boulder beetle is covered in liquid flames!
The boulder beetle burns!
The boulder beetle bites you.
You hit the boulder beetle.
The boulder beetle is moderately wounded.
The boulder beetle burns!
The boulder beetle bites you! You block the boulder beetle's attack.
You hit the boulder beetle but do no damage.
The boulder beetle is heavily wounded.
The boulder beetle burns!
The boulder beetle stops burning.
The boulder beetle bites you!!
* * * LOW HITPOINT WARNING * * *
You hit the boulder beetle but do no damage.
The boulder beetle is heavily wounded.
You block the boulder beetle's attack. x2
Unknown command.
Casting: Sticky Flame (dangerous; 13% risk of failure)
Confirm with . or Enter, or press ? or * to list all spells.
Aiming: Sticky Flame (dangerous; 13% risk of failure)
Press: ? - help, Shift-Dir - straight line, f/p - boulder beetle
Aim: a boulder beetle (heavily wounded, 0% to evade)
The sticky flame hits the boulder beetle but does no damage.
The boulder beetle is heavily wounded.
The boulder beetle is covered in liquid flames!
The boulder beetle burns!
You block the boulder beetle's attack.
The boulder beetle burns!
The boulder beetle burns!
The boulder beetle curls into a ball and begins rolling!
You feel much better.
The boulder beetle burns!
Casting: Sticky Flame (dangerous; 13% risk of failure)
Confirm with . or Enter, or press ? or * to list all spells.
Aiming: Sticky Flame (dangerous; 13% risk of failure)
Press: ? - help, Shift-Dir - straight line, f/p - boulder beetle
Aim: a boulder beetle (severely wounded, covered in liquid flames, 0% to evade)
The sticky flame hits the boulder beetle but does no damage.
The boulder beetle is severely wounded.
The boulder beetle is covered in liquid flames!
The boulder beetle burns!
The boulder beetle hits you!!
* * * LOW HITPOINT WARNING * * *
The boulder beetle stops rolling and uncurls.
You hit the boulder beetle but do no damage.
The boulder beetle is severely wounded.
The boulder beetle burns! x2; The boulder beetle bites you.
* * * LOW HITPOINT WARNING * * *
The boulder beetle bites you!
You die...

###
#.##########
#..B@......#
#.########.#
#.# #.# #.#
#.###### #.#
#......# #.#
#......# #.#
#......# #.#
##......#
#.#
#.......#


You could see a boulder beetle (burning).

Vanquished Creatures
  2 two-headed ogres
  Pikel (D:7)
  2 ugly things
  A cyclops (D:11)
  Maggie (D:8)
  2 kobold demonologists
  A gargoyle (D:11)
  3 komodo dragons
  An efreet (D:12)
  2 trolls
  A wyvern (D:9)
  25 yaks
  Eustachio (D:6)
  A wraith (D:11)
  2 steam dragons
  A water moccasin (D:9)
  4 black bears (D:9)
  An eye of draining (D:11)
  3 ice beasts
  4 sky beasts
  2 phantoms
  3 orc warriors
  4 ogres
  11 centaurs
  2 lemures (D:7)
  15 big kobolds
  8 bullfrogs
  A wyvern skeleton (D:11)
  A scorpion (D:10)
  13 wights
  6 howler monkeys
  A centaur zombie (D:12)
  7 jellies
  A quasit (D:11)
  6 orc priests
  A centaur skeleton (D:11)
  12 hounds
  2 bullfrog skeletons
  Jessica (D:2)
  An iguana (D:10)
  9 orc wizards
  9 worker ants
  A mummy (D:6)
  4 gnolls (D:3)
  A howler monkey skeleton (D:6)
  12 adders
  A shadow imp (D:9)
  A white imp (D:10)
  2 ufetubi
  15 oozes
  An adder zombie (D:6)
  3 worms
  A dart slug (D:4)
  2 leopard geckos
  35 orcs
  A ball python (D:1)
  4 bats
  4 giant cockroaches
  9 goblins
  10 hobgoblins
  5 jackals
  18 kobolds
  2 quokkas (D:2)
  A ball python skeleton (D:4)
  8 frilled lizards
  A leopard gecko zombie (D:8)
  A quokka skeleton (D:9)
  8 rats
326 creatures vanquished.

Vanquished Creatures (others)
  2 orcs (D:3)
  A quokka (D:8)
  A rat (D:3)
  699 foxfires
  64 fungi
  46 plants (D:9)
813 creatures vanquished.

Grand Total: 1139 creatures vanquished

Notes
Turn   | Place    | Note
-------+----------+-------------------------------------------
     0 | D:1      | enarc13 the Gargoyle Fire Elementalist began the quest for
                  | the Orb.
     0 | D:1      | Reached XP level 1. HP: 10/10 MP: 3/3
   244 | D:1      | Reached XP level 2. HP: 15/15 MP: 3/5
   579 | D:1      | Reached skill level 2 in Conjurations
   814 | D:2      | Reached XP level 3. HP: 8/19 MP: 4/6
  1039 | D:2      | Noticed Jessica
  1052 | D:2      | Killed Jessica
  1300 | D:2      | Reached XP level 4. HP: 24/24 MP: 2/7
  1550 | D:2      | Reached skill level 4 in Fire Magic
  1569 | D:2      | Reached skill level 3 in Conjurations
  1887 | D:2      | Learned a level 4 spell: Sticky Flame
  2256 | D:3      | Found a radiant altar of Vehumet.
  2266 | D:3      | Found a burning altar of Makhleb.
  2266 | D:3      | Found an ornate altar of the Wu Jian Council.
  2496 | D:3      | Reached XP level 5. HP: 28/28 MP: 1/8
  2955 | D:3      | Reached skill level 4 in Conjurations
  3341 | D:3      | Reached skill level 5 in Fire Magic
  3341 | D:3      | Reached XP level 6. HP: 30/32 MP: 0/9
  3544 | D:3      | Found a shimmering altar of Xom.
  3587 | D:3      | Became a worshipper of Vehumet
  3915 | D:4      | Noticed an orc warrior
  4255 | D:4      | Killed an orc warrior
  4256 | D:4      | Reached skill level 5 in Conjurations
  4374 | D:4      | Reached XP level 7. HP: 27/36 MP: 6/10
  4666 | D:4      | Found a runed translucent door.
  4666 | D:4      | Noticed thesequoiad's ghost (amateur FoWn)
  4830 | D:4      | Reached skill level 1 in Fighting
  4830 | D:4      | Reached skill level 6 in Fire Magic
  4937 | D:5      | Entered Level 5 of the Dungeon
  4948 | D:5      | Reached skill level 6 in Conjurations
  4950 | D:4      | HP: 9/38 [orc/+0 flail (8)]
  5393 | D:5      | HP: 8/39 [centaur/arrow (4)]
  5394 | D:5      | Reached skill level 2 in Fighting
  5444 | D:4      | Reached XP level 8. HP: 17/44 MP: 6/11
  5856 | D:5      | Reached skill level 7 in Conjurations
  5856 | D:5      | Reached skill level 7 in Fire Magic
  5920 | D:5      | Reached skill level 3 in Fighting
  6083 | D:5      | Learned a level 3 spell: Conjure Flame
  6116 | D:5      | Reached * piety under Vehumet
  6116 | D:5      | Offered knowledge of Magic Dart by Vehumet.
  6410 | D:5      | Found Muer's Gadget Boutique.
  6666 | D:5      | Found a shimmering altar of Xom.
  6780 | D:6      | Reached skill level 8 in Conjurations
  6966 | D:6      | Learned a level 3 spell: Stone Arrow
  7019 | D:6      | Found Momuxoy's Antique Weapon Emporium.
  7030 | D:6      | Reached skill level 8 in Fire Magic
  7030 | D:6      | Reached XP level 9. HP: 52/52 MP: 7/12
  7137 | D:6      | Noticed an oklob plant
  7172 | D:6      | Reached skill level 4 in Fighting
  7183 | D:6      | Offered knowledge of Shock by Vehumet.
  7184 | D:6      | Reached ** piety under Vehumet
  7245 | D:6      | Found a snail-covered altar of Cheibriados.
  7359 | D:6      | Noticed Eustachio
  7363 | D:6      | Killed Eustachio
  7425 | D:6      | Found a staircase to the Ecumenical Temple.
  7601 | D:7      | Found a basalt altar of Yredelemnul.
  7641 | D:7      | Found a sacrificial altar of Ru.
  8402 | D:7      | Noticed Pikel
  8432 | D:7      | Killed Pikel
  8433 | D:7      | Reached skill level 5 in Fighting
  8433 | D:7      | Reached skill level 9 in Conjurations
  8433 | D:7      | Reached skill level 9 in Fire Magic
  8664 | D:8      | Reached skill level 1 in Earth Magic
  8720 | D:8      | Found Jeryism's Jewellery Emporium.
  8775 | D:8      | Reached skill level 6 in Fighting
  8779 | D:8      | Reached skill level 3 in Spellcasting
  8779 | D:8      | Reached skill level 2 in Earth Magic
  8788 | D:8      | Offered knowledge of Ignite Poison by Vehumet.
  8931 | D:8      | Reached skill level 3 in Earth Magic
  8937 | D:8      | Reached XP level 10. HP: 36/60 MP: 5/15
  9237 | D:8      | Reached *** piety under Vehumet
  9241 | D:8      | Reached skill level 4 in Spellcasting
  9241 | D:8      | Reached skill level 4 in Earth Magic
  9378 | D:8      | Noticed Maggie
  9391 | D:8      | Killed Maggie
  9392 | D:8      | Reached skill level 5 in Earth Magic
  9500 | D:8      | Found Qakuiboif's Antique Armour Boutique.
  9596 | D:9      | Noticed a brown ugly thing
  9604 | D:9      | HP: 13/60 [acid (10)]
  9609 | D:9      | Killed a brown ugly thing
  9893 | D:9      | Found a stormy altar of Qazlal.
  9902 | D:9      | Noticed a two-headed ogre
  9922 | D:9      | Killed a two-headed ogre
  9923 | D:9      | Reached skill level 5 in Spellcasting
  9923 | D:9      | Reached skill level 6 in Earth Magic
 10019 | D:9      | Reached skill level 7 in Fighting
 10023 | D:9      | Offered knowledge of Airstrike by Vehumet.
 10261 | D:9      | Reached skill level 6 in Spellcasting
 10286 | D:9      | Noticed a brown ugly thing
 10301 | D:8      | Killed a brown ugly thing
 10302 | D:8      | Reached skill level 8 in Fighting
 10469 | D:9      | Reached skill level 1 in Armour
 10513 | D:9      | Reached XP level 11. HP: 67/69 MP: 20/20
 10517 | D:9      | Reached skill level 2 in Armour
 10522 | D:9      | Reached skill level 9 in Fighting
 10543 | D:9      | Got a polished trident
 10650 | D:9      | Reached skill level 3 in Armour
 10701 | D:9      | Reached skill level 4 in Armour
 10758 | D:9      | Found a staircase to the Lair.
 10857 | D:9      | Reached **** piety under Vehumet
 11265 | D:10     | Entered Level 10 of the Dungeon
 11326 | D:10     | Noticed a two-headed ogre
 11334 | D:10     | Killed a two-headed ogre
 11335 | D:10     | Reached skill level 5 in Armour
 11373 | D:10     | Reached skill level 10 in Fighting
 11380 | D:10     | Got a steaming leather armour
 11415 | D:10     | Offered knowledge of Lightning Bolt by Vehumet.
 11828 | D:10     | Learned a level 5 spell: Lee's Rapid Deconstruction
 12006 | D:10     | Reached skill level 6 in Armour
 12300 | D:10     | Reached ***** piety under Vehumet
 12313 | D:10     | Offered knowledge of Iskenderun's Battlesphere by Vehumet.
 12330 | D:10     | Reached skill level 11 in Fighting
 12411 | D:10     | Learned a level 5 spell: Iskenderun's Battlesphere
 12411 | D:10     | Identified the +6 trident of Saltpetre {vorpal, +Inv SInv}
                  | (You found it on level 9 of the Dungeon)
 12735 | D:10     | Identified the +2 leather armour of Trial and Error {Harm
                  | Dex+2} (You found it on level 10 of the Dungeon)
 12874 | D:11     | Found a sparkling altar of Nemelex Xobeh.
 12874 | D:11     | Noticed a cyclops
 12892 | D:11     | Killed a cyclops
 12893 | D:11     | Reached skill level 2 in Shields
 13031 | D:11     | Reached skill level 3 in Shields
 13031 | D:11     | Reached XP level 12. HP: 61/80 MP: 21/21
 13174 | D:11     | Reached skill level 4 in Shields
 13440 | D:11     | Noticed a soul eater
 13442 | D:11     | Reached skill level 5 in Shields
 13445 | D:11     | Reached skill level 12 in Fighting
 13700 | D:11     | Found a staircase to the Orcish Mines.
 14141 | D:12     | Reached skill level 6 in Shields
 14463 | D:12     | Reached skill level 7 in Shields
 14802 | D:12     | Noticed a boulder beetle
 14815 | D:12     | HP: 8/81 [boulder beetle (20)]
 14822 | D:12     | HP: 9/81 [boulder beetle (26)]
 14823 | D:12     | Mangled by a boulder beetle

Illustrated notes

Levels and vault maps discovered:
D:1:      kennysheep_arrival_forest, layout_rooms
D:2:      layout_basic, uniq_jessica
D:3:      layout_rooms, general_overflow_altar, fiery_altar_vehumet,
          chequers_temple_overflow_statue_of_worship
D:4:      layout_rooms, ebering_ghost_inner_flame
D:5:      cheibrodos_barr_body, layout_loops_ring, serial_shops,
          nicolae_shop_window_shopping, tgw_xom
D:6:      lemuel_slime, layout_gridville, slow_altar_1,
          minmay_temple_entry_nine_rooms, serial_shops, kennysheep_little_box,
          uniq_eustachio
D:7:      layout_loops_corners, lemuel_coloured_pillars_altar,
          lemuel_round_altar, uniq_pikel
D:8:      layout_basic, serial_shops, shop, shop, uniq_maggie
D:9:      layout_gridville, due_lair_maze_entry_diamond, columned_hall_lemuel,
          nicolae_qazlal_general_emergency
D:10:     layout_long_grid, special_room [special_room_kobold]
D:11:     layout_basic, orc_0_dummy, basic_altar
D:12:     layout_basic, minmay_rotating_lava, uniq_erolcha

Skill      XL: |  1  2  3  4  5  6  7  8  9 10 11 12 |
---------------+-------------------------------------+-----
Conjurations   | 2 3 4 5 6 8 9 |  9.0
Fire Magic     | 4 5 6 8 9 |  9.0
Fighting       | 2 3 6 8 11 12 | 12.0
Earth Magic    | 3 6 |  6.0
Spellcasting   | 3 6 |  6.0
Armour         | 1 6 |  6.0
Shields        | 3 7 |  7.5
Dodging        | |  1.5
Stealth        | |  2.1

Action                   |  1- 3 |  4- 6 |  7- 9 | 10-12 || total
-------------------------+-------+-------+-------+-------++-------
Melee: Dagger            |    61 |    31 |    80 |   296 ||   468
       Unarmed           |     4 |       |       |       ||     4
       Short sword       |       |    58 |    71 |       ||   129
       Trident           |       |       |       |   232 ||   232
Throw: Stone             |    23 |     3 |     6 |    42 ||    74
 Cast: Foxfire           |    22 |   130 |   137 |   138 ||   427
       Sticky Flame      |       |     2 |     9 |    30 ||    41
       Stone Arrow       |       |       |     2 |    13 ||    15
       Lee's Rapid Decon |       |       |       |     4 ||     4
  Use: Scroll            |       |    11 |    10 |     3 ||    24
       Potion            |       |       |       |     1 ||     1
 Stab: Sleeping          |       |       |     2 |       ||     2
Armor: Robe              |    22 |    42 |    28 |       ||    92
       Ring mail         |       |    14 |    79 |     8 ||   101
       Swamp dragon scal |       |       |       |   220 ||   220
       Steam dragon scal |       |       |       |     8 ||     8
Dodge: Dodged            |    52 |    86 |   170 |   283 ||   591
Block: Tower shield      |       |       |       |   169 ||   169

Table legend: (Time is in decaauts)
 A = Elapsed time spent in this place.
 B = Non-inter-level travel time spent in this place.
 C = Inter-level travel time spent in this place.
 D = Time resting spent in this place.
 E = Time spent auto-exploring this place.
 F = Levels seen in this place.
 G = Mean time per level.
                   A        B        C        D        E       F      G
               +--------+--------+--------+--------+--------+-----+--------+
         Total |  14960 |  14576 |    384 |   2641 |   8686 |  12 | 1246.7 |
       Dungeon |  14960 |  14576 |    384 |   2641 |   8686 |  12 | 1246.7 |
               +--------+--------+--------+--------+--------+-----+--------+

Top non-repeatable levels by time:
     D:2: 1690 daAuts
     D:3: 1561 daAuts
    D:10: 1514 daAuts
     D:4: 1440 daAuts
    D:11: 1365 daAuts
     D:5: 1345 daAuts
     D:9: 1339 daAuts
     D:8: 1297 daAuts
     D:7: 1073 daAuts
     D:6: 812 daAuts
    D:12: 798 daAuts
     D:1: 721 daAuts

Table legend:
 A = Kills in this place as a percentage of kills in entire the game.
 B = Kills by you in this place as a percentage of kills by you in the entire game.
 C = Kills by friends in this place as a percentage of kills by friends in the entire game.
 D = Other kills in this place as a percentage of other kills in the entire game.
 E = Experience gained in this place as a percentage of experience gained in the entire game.
 F = Experience gained in this place divided by the number of levels of this place that you have seen.
                   A       B       C       D       E      F
               +-------+-------+-------+-------+-------+----------------------
         Total | 100.0 | 100.0 |   N/A |   N/A | 100.0 | 1997.9
       Dungeon | 100.0 | 100.0 |   N/A |   N/A | 100.0 | 1997.9
               +-------+-------+-------+-------+-------+----------------------
